VOD

https://youtu.be/_YWmU-E2WFc?t=2033

Build Order

Get SALT Encoding   

  1  0:19  Pylon  
  2  0:39  Gateway  
  3  0:47  Assimilator  
  4  1:05  Assimilator  
  5  1:16  Gateway  
  6  1:26  Cybernetics Core  
  7  1:39  Pylon  
  8  2:03  Warp Gate  
  9  2:04  Adept x2  
  11  2:10  Pylon  
  12  2:31  Stalker  
  13  2:32  Stalker  
  14  3:05  Nexus  
  15  3:07  Pylon  
  16  3:25  Stalker x2  
  18  3:31  Gateway  
  19  3:42  Gateway  
  20  3:54  Gateway  
  21  4:04  Pylon  
  22  4:07  Stalker  
  23  4:32  Stalker  
  24  4:40  Stalker  
  25  4:51  Stalker  
  26  5:03  Assimilator  
  27  5:05  Twilight Council  
  28  5:09  Stalker  
  29  5:14  Stalker  
  30  5:20  Blink  
  31  5:22  Stalker  
  32  5:28  Stalker  
  33  5:34  Stalker  
  34  5:39  Pylon  
  35  5:49  Assimilator  
  36  5:59  Gateway  
  37  6:00  Pylon  
  38  6:02  Stalker  
  39  6:15  Stalker  
  40  6:16  Stalker  
  41  6:17  Stalker  
  42  6:22  Stalker  
  43  6:28  Pylon  
  44  6:43  Stalker  
  45  6:44  Pylon  
  46  6:46  Pylon  
  47  6:50  Stalker  
  48  6:53  Forge  
  49  6:56  Stalker  
  50  7:02  Stalker  
  51  7:05  Protoss Ground Weapons Level 1  
  52  7:09  Stalker  
  53  7:10  Stalker  
  54  7:14  Stalker  
  55  7:15  Stalker  
  56  7:24  Stalker  
  57  7:28  Photon Cannon  
  58  7:33  Stalker  
  59  7:37  Pylon  
  60  7:39  Stalker  
  61  7:43  Stalker  
  62  7:54  Stalker  
  63  8:02  Nexus  
  64  8:05  Pylon  
  65  8:17  Stalker x3  
  68  8:31  Protoss Ground Weapons Level 2  
  69  8:33  Stalker x3  
  72  8:43  Pylon  
  73  8:46  Robotics Facility  
  74  8:50  Charge  
  75  8:55  Pylon x2  
  77  8:56  Stalker  
  78  9:07  Stalker  
  79  9:14  Stalker x2  
  81  9:25  Stalker  
  82  9:26  Zealot  
  83  9:28  Observer  
  84  9:38  Zealot x3  
  87  9:44  Pylon  
  88  9:46  Stalker  
  89  9:50  Stalker  
  90  9:59  Stalker  
  91  10:09  Stalker x2  
  93  10:13  Stalker  
  94  10:14  Stalker  
  95  10:15  Stalker  
  96  10:22  Stalker  
  97  10:27  Gateway  
  98  10:32  Stalker x2  
  100  10:38  Stalker x2  
  102  10:43  Stalker  
  103  10:51  Stalker  
  104  10:59  Stalker  
  105  11:00  Stalker  
  106  11:01  Stalker x2  
  108  11:09  Stalker  
  109  11:17  Assimilator  
  110  11:24  Robotics Facility  
  112  11:28  Stalker  
  113  11:29  Stalker x3  
  116  11:30  Stalker x2  
  118  11:34  Stalker  
  119  11:52  Stalker  
  120  11:53  Stalker x3  
  123  11:54  Stalker x2  
  125  12:04  Observer  
  126  12:07  Zealot  
  127  12:18  Zealot x2  
  129  12:19  Zealot  
  130  12:21  Zealot x3  
  133  12:23  Observer  
  134  12:45  Stalker x3  
  137  12:48  Stalker x2, Zealot  
  140  12:49  Zealot  
Spawning Tool Build Advisor. Get it on Overwolf

Go to:

Details

  • Created by: nanorine   
  • Published on: Jun 16, 2019
  • Modified on: Jul 20, 2019
  • Patch: 4.7.1
Show
View Real Time Build Order
Export as new Build Order

Comments (0)

There are no comments. Be the first!

Create an account to comment!